 Dungeon Crawl Stone Soup version 0.32-a0-484-g2eb335deba (webtiles) character file.

Game seed: 4063173439198982244

85154 senseless the Warrior (level 15, 0/149 HPs)
             Began as a Mountain Dwarf Fighter on Feb 26, 2024.
             Was a High Priest of Yredelemnul.
             Slain by Donald
             ... wielding a +3 broad axe of venom
              (22 damage)
             ... on level 1 of the Spider Nest on Feb 27, 2024.
             The game lasted 01:08:59 (16445 turns).

senseless the Warrior (Mountain Dwarf Fighter)     Turns: 16445, Time: 01:09:01

Health: 0/149      AC: 34    Str: 26    XL:     15   Next: 37%
Magic:  19/23      EV: 12    Int: 11    God:    Yredelemnul [*****.]
Gold:   311        SH: 13    Dex:  9    Spells: 14/14 levels left

rFire   . . .        x - +7 mace "Orb Guardian's Death" {flame, Int+2}
rCold   . . .        U - +0 kite shield
rNeg    . . .        J - +4 plate armour {rPois}
rPois   +            S - +1 hat
rElec   .            D - +0 cloak {Will+}
rCorr   .            P - +2 pair of gloves
SInv    .            r - +2 pair of boots
Will    ++...        f - amulet of regeneration Stlth
                     o - +4 ring of protection
HPRegen 1.24/turn    N - +5 ring of evasion
MPRegen 0.18/turn

%: no passive effects
@: lethally poisoned (0 -> -18), slowed, wreathed by umbra, studying 2 skills,
very slow
A: runic magic, artefact enchanting
a: Renounce Religion, Light the Black Torch, Recall Undead Harvest, Hurl
Torchlight, Bind Soul, Fathomless Shackles


You were on level 1 of the Spider Nest.
You worshipped Yredelemnul.
Yredelemnul was aware of your devotion.
You visited 4 branches of the dungeon, and saw 20 of its levels.

You collected 2082 gold pieces.
You spent 1771 gold pieces at shops.

Inventory:

Hand Weapons
 l - the +11 quarterstaff "Gram" {freeze, rC+ Str+3}
   (You found it on level 4 of the Lair of Beasts)

   Str+3:     It affects your strength (+3).
   rC+:       It protects you from cold.
 x - the +7 mace "Orb Guardian's Death" (weapon) {flame, Int+2}
   (You found it on level 4 of the Dungeon)

   Int+2:     It affects your intelligence (+2).
Missiles
 e - 7 darts of dispersal
 t - 28 poisoned darts (quivered)
 w - 4 throwing nets
 A - 5 javelins
 I - a curare-tipped dart
 M - 4 atropa-tipped darts
 Y - 7 silver javelins
Armour
 r - a +2 pair of boots (worn)
 D - a +0 cloak of willpower (worn)
 J - a +4 plate armour of poison resistance (worn)
 P - a +2 pair of gloves (worn)
 S - a +1 hat (worn)
 U - a +0 kite shield (worn)
Jewellery
 b - a ring of protection from cold
 f - an amulet of regeneration (around neck)
 o - a +4 ring of protection (left hand)
 N - a +5 ring of evasion (right hand)
 V - a ring of poison resistance
 W - a ring of protection from cold
Wands
 m - a wand of flame (7)
 s - a wand of polymorph (18)
 v - a wand of digging (6)
 F - a wand of charming (6)
 L - a wand of mindburst (17)
 R - a wand of iceblast (4)
Scrolls
 c - 2 scrolls of poison
 g - a scroll of blinking
 h - 2 scrolls of brand weapon
 i - 8 scrolls of identify
 k - 6 scrolls of teleportation
 E - 3 scrolls of revelation
 G - 4 scrolls of fear
 H - 2 scrolls of enchant weapon
 K - 4 scrolls of noise
 O - a scroll of silence
 T - 2 scrolls of fog
 X - a scroll of immolation
 Z - a scroll of torment
Potions
 d - a potion of might
 j - 4 potions of lignification
 p - 4 potions of curing
 q - 2 potions of ambrosia
 u - 2 potions of cancellation
 z - a potion of invisibility
 B - a potion of enlightenment
 C - 2 potions of heal wounds
 Q - 2 potions of resistance
Miscellaneous
 a - a tin of tremorstones (2/2)
 n - a phial of floods
 y - a lightning rod (4/4)


   Skills:
 + Level 17.8 Fighting
 - Level 5.3(11.2) Axes
 + Level 15.0(15.4) Maces & Flails
 + Level 14.9 Armour
 + Level 17.6 Shields
 + Level 11.6 Invocations


You had 14 spell levels left.
You didn't know any spells.
Your spell library contained the following spells:

 Spells                   Type           Power      Damage    Failure   Level
 Kiss of Death            Conj/Necr      0%         2d5       58%         1
 Cigotuvi's Dreadful Rot  Necr/Alch/Air  0%         N/A       75%         2
 Confusing Touch          Hex            0%         N/A       92%         3
 Dazzling Flash           Conj/Hex       0%         N/A       92%         3
 Fugue of the Fallen      Necr           0%         N/A       92%         3
 Hailstorm                Conj/Ice       0%         3d5       92%         3
 Ozocubu's Armour         Ice            0%         N/A       92%         3
 Summon Ice Beast         Ice/Summ       0%         N/A       92%         3
 Tukima's Dance           Hex            0%         N/A       92%         3
 Volatile Blastmotes      Fire/Tloc      0%         2d10      92%         3
 Dispel Undead            Necr           0%         3d6       100%        4
 Ignite Poison            Fire/Alch      0%         N/A       100%        4
 Manifold Assault         Tloc           0%         N/A       100%        4
 Passage of Golubria      Tloc           0%         N/A       100%        4
 Freezing Cloud           Conj/Ice/Air   0%         6-21      100%        5
 Iskenderun's Battlesphe  Conj           0%         2d6       100%        5
 Summon Forest            Summ/Tloc      0%         N/A       100%        5
 Yara's Violent Unravell  Hex/Alch       0%         3d3       100%        5
 Bombard                  Conj/Erth      0%         9d1       100%        6
 Eringya's Noxious Bog    Alch           0%         4d6       100%        6
 Sculpt Simulacrum        Ice/Alch       0%         N/A       100%        6
 Starburst                Conj/Fire      0%         6d3       100%        6
 Spellforged Servitor     Conj/Summ      0%         N/A       100%        7
 Summon Hydra             Summ           0%         N/A       100%        7
 Maxwell's Capacitive Co  Air            0%         ∞         100%        8


Dungeon Overview and Level Annotations

Branches:
Dungeon (12/15)            Temple (0/1) D:6            Lair (5/5) D:9
  Swamp (0/4) Lair:3       Spider (1/4) Lair:2        Slime (0/5) Lair:5
    Orc (2/2) D:11            Elf (0/3) Orc:2

Altars:
Ashenzari
Elyvilon
Fedhas
Makhleb
Qazlal
Ru
Sif Muna
Trog
Uskayaw
Xom
Yredelemnul
Zin
Beogh
Jiyva

Shops:
D:7 **   D:9 =   D:12 [   Orc:2 =**[(

Annotations:
Spider:1 Donald


Innate Abilities, Weirdness & Mutations

Your spellcasting is much less encumbered by armour.
You can use scrolls of enchantment on lesser artefacts.


Message History

You block Donald's attack. You block the demonic crawler's attack.
The demonic crawler misses you. You block the demonic crawler's attack.
Your bound kobold blastminer shoots a bolt.
Donald blocks the bolt with his +0 kite shield of reflection... and reflects it back!
The bolt hits your bound kobold blastminer!
The torpor snail closely misses you. Donald barely misses you.
Donald blocks your attack.
Donald is heavily wounded.
You feel very sick. The demonic crawler closely misses you.
The demonic crawler barely misses you. You block the demonic crawler's attack.
Your skeletal warrior hits the demonic crawler with a +0 glaive!
Donald closely misses you. You block the torpor snail's attack.
The demonic crawler hits you but does no damage.
The demonic crawler completely misses you.
The demonic crawler barely misses you. Donald blocks your attack.
Donald is heavily wounded.
You feel very sick.
Donald hits you with a +3 broad axe of venom!
* * * LOW HITPOINT WARNING * * *
You are more poisoned.
Donald hits your bound kobold blastminer with a +3 broad axe of venom!!
You block the demonic crawler's attack. x2
The demonic crawler closely misses you.
Your skeletal warrior hits the demonic crawler with a +0 glaive.
Donald hits you with a +3 broad axe of venom!
* * * LOW HITPOINT WARNING * * *
Donald hits your bound kobold blastminer with a +3 broad axe of venom!!!
Your bound kobold blastminer is destroyed!
You block the torpor snail's attack. Donald blocks your attack.
Donald is moderately wounded.
* * * LOW HITPOINT WARNING * * *
You feel extremely sick.
You block the demonic crawler's attack. x3
Donald hits you with a +3 broad axe of venom!!
You die...
Donald says, "I won.
I... don't hate that."
Your body rises from the dead as a mindless zombie.

.............
##.....#......
##.#...........
..............
#.......[....
###...)...#...
##...#@w.......
#.....@<....#
##...>s.....$..
##.##.z.......
# ..........
...........
#....#......
##..........
#.......#..


You could see Donald (fast, strong, soul-gripped, reflecting), a torpor snail
(drained), a demonic crawler (ally target) and a friendly skeletal warrior
(summoned, slow).

Vanquished Creatures
  An orc warlord (Orc:2)
  The ghost of Konar the Tortoise, a journeyman AtFi of Okawaru (D:11)
  An ettin (Orc:2)
  Harold (D:10)
  A rakshasa (D:12)
  2 hydras
  An alligator (Lair:5)
  A centaur warrior (D:12)
  The ghost of shadizar the Thaumaturge, a journeyman DjCj of Makhleb (Lair:1)
  4 two-headed ogres
  3 boulder beetles
  6 death yaks
  3 orc high priests (Orc:2)
  Urug (Lair:1)
  Lodul (D:10)
  Pikel (D:6)
  A lindwurm (Lair:5)
  An orc sorcerer (Orc:2)
  3 orc knights (Orc:2)
  An ugly thing (D:11)
  Maurice (D:10)
  4 cyclopes
  16 elephants
  3 kobold blastminers
  A gargoyle (D:12)
  4 cane toads
  An unseen horror (D:10)
  A kobold demonologist (D:8)
  2 rime drakes
  A komodo dragon (Lair:3)
  Psyche (D:9)
  A tengu conjurer (D:8)
  3 trolls
  A polar bear (Lair:2)
  A hornet (D:9)
  13 blink frogs
  A dream sheep (Lair:1)
  Sigmund (D:3)
  3 slime creatures (D:10)
  A shadow (D:10)
  A vampire (D:12)
  3 wyverns
  52 yaks
  A hog (Lair:3)
  2 wargs
  A basilisk (Lair:4)
  A steam dragon (D:7)
  11 vampire mosquitoes
  A swamp worm (Lair:3)
  9 water moccasins
  3 swamp drakes (D:11)
  An ice beast (D:7)
  A sky beast (D:7)
  21 orc warriors
  A black bear (D:8)
  9 ogres
  4 wolves
  3 centaurs
  A phantom (D:7)
  A lemure (D:6)
  2 kobold brigands (D:8)
  A weeping skull (D:12)
  8 bullfrogs
  3 scorpions
  2 killer bees (D:10)
  A howler monkey (D:5)
  4 electric eels
  A centaur zombie (D:7)
  3 jellies
  15 orc priests
  A hound (D:6)
  A sleepcap (D:4)
  Crazy Yiuf (D:7)
  Terence (D:2)
  3 iguanas
  Natasha (thrice) (D:2)
  22 orc wizards
  A killer bee zombie (D:7)
  6 adders
  2 ufetubi (D:7)
  A ribbon worm (D:4)
  46 orcs
  7 ball pythons
  2 endoplasms (D:3)
  3 giant cockroaches
  4 goblins
  3 hobgoblins (D:4)
  6 jackals (D:1)
  4 quokkas
  4 bats
  A frilled lizard (D:1)
  15 kobolds
  5 rats
  A spectral orc (D:12)
405 creatures vanquished.

Vanquished Creatures (collateral kills)
  Kirke (Lair:3)
  A stone giant (D:12)
  3 hydras
  A two-headed ogre (D:10)
  2 death yaks (Lair:1)
  Erica (D:10)
  A boulder beetle (D:12)
  An orc high priest (Orc:2)
  A goliath frog (Lair:5)
  An orb spider (Lair:2)
  A bog body (Lair:3)
  2 orc sorcerers (Orc:2)
  A cyclops (Orc:2)
  14 elephants
  Joseph (D:9)
  A kobold blastminer (Orc:2)
  2 black mambas
  11 cane toads
  2 rime drakes
  2 komodo dragons
  3 trolls
  2 tyrant leeches (Lair:5)
  2 polar bears (Lair:5)
  12 blink frogs
  3 basilisks
  28 yaks
  A steam dragon (D:9)
  2 hogs (Lair:3)
  5 vampire mosquitoes
  2 acid dragons (D:12)
  4 water moccasins
  2 black bears
  5 orc warriors
  6 wolves
  4 centaurs
  3 lemures (D:6)
  5 bullfrogs
  A killer bee (D:10)
  3 electric eels
  A jelly (Lair:5)
  4 orc priests
  4 orc wizards
  2 killer bee zombies (D:7)
  A mummy (D:7)
  2 adders
  A ribbon worm (D:3)
  3 dart slugs
  22 orcs
  6 endoplasms
  A hobgoblin (D:1)
  2 kobolds (D:8)
  A quokka (D:5)
  A frilled lizard (D:1)
  A rat (D:1)
195 creatures vanquished.

Vanquished Creatures (others)
  An alligator zombie (Lair:5)
  2 spectral orcs
  A swamp worm zombie (Lair:3)
  A hydra zombie (Lair:5)
  A spectral kobold (Spider:1)
  2 black mamba zombies
  An ettin zombie (Orc:2)
  3 cane toad zombies
  8 blink frog zombies
  4 elephant zombies
  A human zombie (D:10)
  2 wyvern zombies
  A bullfrog (Lair:5)
  A cyclops zombie (D:11)
  2 water moccasin zombies
  2 troll zombies
  7 yak zombies
  3 wolf zombies
  3 centaur zombies (D:12)
  4 bullfrog zombies
  2 killer bee zombies (D:10)
  2 swamp drake zombies (D:11)
  3 jelly zombies (Lair:5)
  2 orcs (D:11)
  A bat zombie (D:3)
  2 endoplasm zombies (Lair:5)
  2 giant cockroach zombies (D:2)
  5 kobold zombies
  31 orc zombies
  A quokka zombie (D:1)
  A rat zombie (D:2)
102 creatures vanquished.

Grand Total: 702 creatures vanquished

Notes
Turn   | Place    | Note
-------+----------+-------------------------------------------
     0 | D:1      | senseless the Mountain Dwarf Fighter began the quest for
                  | the Orb.
     0 | D:1      | Reached XP level 1. HP: 19/19 MP: 1/1
   156 | D:1      | Found a faded altar of an unknown god.
   166 | D:1      | Reached XP level 2. HP: 26/26 MP: 2/2
   180 | D:1      | Prayed at the altar of an unknown god.
   180 | D:1      | Became a worshipper of Yredelemnul the Fallen
   180 | D:1      | Reached * piety under Yredelemnul
   374 | D:1      | Reached XP level 3. HP: 33/33 MP: 3/3
   622 | D:2      | Noticed Terence
   633 | D:2      | Killed Terence
   634 | D:2      | Reached XP level 4. HP: 26/40 MP: 4/4
   764 | D:2      | Noticed Natasha
   774 | D:2      | Killed Natasha
   779 | D:2      | Noticed Natasha
   786 | D:2      | Killed Natasha
   831 | D:2      | Noticed Natasha
   845 | D:2      | Killed Natasha
   846 | D:2      | Reached XP level 5. HP: 30/46 MP: 5/5
  1630 | D:3      | Found a sacrificial altar of Ru.
  1803 | D:3      | Found a blossoming altar of Fedhas.
  1997 | D:3      | Found a white marble altar of Elyvilon.
  2065 | D:3      | Noticed Sigmund
  2090 | D:3      | Killed Sigmund
  2091 | D:3      | Reached XP level 6. HP: 55/55 MP: 6/6
  2332 | D:4      | Reached skill level 5 in Shields
  2372 | D:4      | Found a transporter.
  2398 | D:4      | Found a transporter.
  2538 | D:4      | Reached skill level 5 in Fighting
  2538 | D:4      | Reached skill level 5 in Armour
  2618 | D:4      | Identified the +5 mace "Orb Guardian's Death" {flame,
                  | Int+2}
  2630 | D:4      | Reached ** piety under Yredelemnul
  2800 | D:4      | Found a broken altar of Ashenzari.
  2897 | D:4      | Found a stormy altar of Qazlal.
  3138 | D:5      | Entered Level 5 of the Dungeon
  3142 | D:5      | Reached skill level 5 in Axes
  3142 | D:5      | Reached XP level 7. HP: 47/61 MP: 7/7
  3233 | D:5      | Identified a scroll of acquirement
  3233 | D:5      | Acquired a manual of Fighting
  3405 | D:5      | Reached skill level 1 in Maces & Flails
  3425 | D:5      | Found a burning altar of Makhleb.
  3586 | D:5      | Reached XP level 8. HP: 43/71 MP: 8/8
  3933 | D:6      | Found a staircase to the Ecumenical Temple.
  3936 | D:6      | Noticed Pikel
  3955 | D:6      | Killed Pikel
  4236 | D:7      | Found Xittuluc's General Store.
  4256 | D:7      | Reached XP level 9. HP: 82/82 MP: 9/9
  4264 | D:7      | Found Gukkam's Specific Store.
  4286 | D:7      | Reached skill level 5 in Maces & Flails
  4518 | D:7      | Found a runed translucent door.
  4519 | D:7      | Noticed Crazy Yiuf
  4925 | D:7      | Killed Crazy Yiuf
  5026 | D:8      | Found a shimmering altar of Xom.
  5030 | D:8      | Found a shimmering altar of Xom.
  5117 | D:8      | Reached *** piety under Yredelemnul
  5507 | D:8      | Found a shimmering blue altar of Sif Muna.
  5730 | D:7      | Bought a +3 plate armour of poison resistance for 420 gold
                  | pieces
  5781 | D:8      | Noticed a tengu conjurer
  5782 | D:8      | Noticed a two-headed ogre
  5791 | D:8      | Noticed a kobold demonologist
  5795 | D:8      | Killed a tengu conjurer
  5796 | D:8      | Reached skill level 10 in Fighting
  5798 | D:8      | Noticed a hellwing
  5799 | D:8      | Noticed a cyclops
  5802 | D:8      | Killed a two-headed ogre
  5804 | D:8      | Noticed an orange demon
  5806 | D:8      | Reached XP level 10. HP: 63/94 MP: 10/10
  5807 | D:8      | Noticed a sixfirhy
  5815 | D:8      | Killed a cyclops
  5920 | D:9      | Noticed a two-headed ogre
  5938 | D:9      | Killed a two-headed ogre
  6021 | D:9      | Noticed Psyche
  6031 | D:9      | Killed Psyche
  6046 | D:9      | Noticed Joseph
  6085 | D:9      | Killed Joseph
  6156 | D:9      | Found Naemnopi's Jewellery Emporium.
  6252 | D:9      | Acquired a manual of Axes
  6296 | D:9      | Found a glowing silver altar of Zin.
  6560 | D:9      | Found a staircase to the Lair.
  6687 | D:10     | Entered Level 10 of the Dungeon
  6692 | D:10     | Noticed Harold
  6706 | D:10     | Killed Harold
  6707 | D:10     | Reached skill level 10 in Armour
  6707 | D:10     | Reached skill level 10 in Shields
  6707 | D:10     | Reached XP level 11. HP: 98/106 MP: 11/11
  6720 | D:10     | Reached **** piety under Yredelemnul
  6732 | D:10     | Your ally Harold died
  6804 | D:10     | Noticed a +0 dagger
  6809 | D:10     | Found a hide-covered altar of Uskayaw.
  6809 | D:10     | Noticed a +0 falchion
  6809 | D:10     | Noticed a +0 falchion
  6811 | D:10     | Noticed a +0 dagger
  6811 | D:10     | Noticed a +0 short sword
  6811 | D:10     | Noticed a two-headed ogre
  6817 | D:10     | Noticed a +0 spear
  6827 | D:10     | Killed a two-headed ogre
  6827 | D:10     | Noticed a +0 spear
  6831 | D:10     | Noticed a +0 short sword
  6853 | D:10     | Noticed Maurice
  6864 | D:10     | Something stole a ring of ice
  6873 | D:10     | Killed Maurice
  7034 | D:10     | Noticed Erica
  7042 | D:10     | Killed Erica
  7063 | D:10     | Found a bloodstained altar of Trog.
  7258 | D:10     | Noticed a two-headed ogre
  7278 | D:10     | Killed a two-headed ogre
  7279 | D:10     | Reached skill level 10 in Maces & Flails
  7366 | D:10     | Identified the +0 scale mail of the Game of Life {Int-3
                  | Slay+5}
  7492 | D:10     | Noticed Lodul
  7510 | D:10     | Killed Lodul
  7522 | D:10     | Reached ***** piety under Yredelemnul
  8008 | D:11     | Noticed a two-headed ogre
  8015 | D:11     | Killed a two-headed ogre
  8083 | D:11     | Acquired a manual of Shields
  8341 | D:11     | Noticed a green ugly thing
  8350 | D:11     | Killed a green ugly thing
  8351 | D:11     | Reached XP level 12. HP: 118/118 MP: 12/12
  8357 | D:11     | Found a runed translucent gate.
  8358 | D:11     | Found a runed translucent gate.
  8359 | D:11     | Found a runed translucent gate.
  8361 | D:11     | Noticed Konar's ghost (journeyman AtFi)
  8364 | D:11     | Found a roughly hewn altar of Beogh.
  8599 | D:11     | Found a staircase to the Orcish Mines.
  8734 | D:11     | Killed Konar's ghost
  8735 | D:11     | Reached skill level 15 in Fighting
  8887 | D:9      | Bought a +4 ring of protection for 612 gold pieces
  8934 | D:12     | Noticed a centaur warrior
  8944 | D:12     | Killed a centaur warrior
  8974 | D:12     | Noticed a boulder beetle
  8994 | D:12     | Killed a boulder beetle
  9075 | D:12     | Found Jeith's Armour Emporium.
  9123 | D:12     | Bought a +0 kite shield for 54 gold pieces
  9261 | D:12     | Found a basalt altar of Yredelemnul.
  9529 | D:12     | Noticed a rakshasa
  9536 | D:12     | Noticed a stone giant
  9544 | D:12     | Killed a rakshasa
  9549 | D:12     | Killed a stone giant
  9766 | Lair:1   | Entered Level 1 of the Lair of Beasts
  9781 | Lair:1   | Reached skill level 1 in Invocations
  9868 | Lair:1   | Found a runed translucent gate.
  9869 | Lair:1   | Found a runed translucent gate.
  9872 | Lair:1   | Noticed a boulder beetle
  9874 | Lair:1   | Noticed shadizar's ghost (journeyman DjCj)
  9887 | Lair:1   | Killed a boulder beetle
  9964 | Lair:1   | Found a runed translucent gate.
 10068 | Lair:1   | Noticed a death yak
 10069 | Lair:1   | Noticed a death yak
 10069 | Lair:1   | Noticed a death yak
 10070 | Lair:1   | Noticed a death yak
 10071 | Lair:1   | Noticed a death yak
 10082 | Lair:1   | Killed a death yak
 10087 | Lair:1   | Killed a death yak
 10091 | Lair:1   | Killed a death yak
 10092 | Lair:1   | Reached XP level 13. HP: 70/128 MP: 14/16
 10261 | Lair:1   | Reached skill level 5 in Invocations
 10306 | Lair:1   | Noticed Urug
 10317 | Lair:1   | Killed Urug
 10857 | Lair:1   | Killed shadizar's ghost
 11031 | Lair:2   | Found a hole to the Spider Nest.
 11134 | Lair:2   | Reached ****** piety under Yredelemnul
 11839 | Lair:3   | Reached skill level 15 in Shields
 11839 | Lair:3   | Found a staircase to the Swamp.
 12092 | Lair:3   | Noticed Kirke
 12107 | Lair:3   | Killed Kirke
 12353 | Lair:3   | Reached XP level 14. HP: 119/138 MP: 20/20
 13662 | Lair:4   | Identified the +11 quarterstaff "Gram" {freeze, rC+ Str+3}
 13689 | Lair:5   | Entered Level 5 of the Lair of Beasts
 13692 | Lair:5   | Found a staircase to the Slime Pits.
 13692 | Lair:5   | Found a viscous altar of Jiyva.
 13768 | Lair:5   | Reached skill level 10 in Invocations
 14291 | Lair:5   | Reached XP level 15. HP: 146/147 MP: 23/23
 14765 | Orc:1    | Entered Level 1 of the Orcish Mines
 15028 | Orc:2    | Entered Level 2 of the Orcish Mines
 15240 | Orc:2    | Found a staircase to the Elven Halls.
 15262 | Orc:2    | Found Linume's Overcharged Wands.
 15374 | Orc:2    | Reached skill level 15 in Maces & Flails
 15519 | Orc:2    | Found Juucuk's General Store.
 15520 | Orc:2    | Found Zaveonis's Jewellery Shoppe.
 15522 | Orc:2    | Found Galatt's Antique Armour Emporium.
 15522 | Orc:2    | Found Ikkuizyn's Antique Weapon Emporium.
 15834 | Orc:2    | Bought a runed hat for 217 gold pieces
 15848 | Orc:2    | Bought a +5 ring of evasion for 468 gold pieces
 16007 | Orc:1    | Found a roughly hewn altar of Beogh.
 16029 | Orc:1    | Found a burning altar of Makhleb.
 16434 | Spider:1 | Entered Level 1 of the Spider Nest
 16434 | Spider:1 | Noticed Donald
 16445 | Spider:1 | Slain by Donald

Illustrated notes

Levels and vault maps discovered:
D:1:      lightli_arrival_windingriver, layout_basic,
          chequers_ecumenical_altar_simple, nicolae_twisty_statue_hallways
D:2:      layout_loops_cross, uniq_terence, uniq_natasha
D:3:      layout_basic, fedhas_altar_fruit_tree, mainiacjoe_overflow_brackets,
          nicolae_overflow_hidden_temple, st_stairs_8, uniq_sigmund
D:4:      gammafunk_wand_slinger, layout_loops_cross, mainiacjoe_overflow_swirl,
          minmay_unequal
D:5:      layout_basic, mainiacjoe_overflow_six_doors_small
D:6:      layout_rooms, temple_pool_b, uniq_pikel
D:7:      layout_loops_ring, corner_web_ring, nicolae_specific_store,
          minmay_mini_ossuary, uniq_crazy_yiuf_cottage
D:8:      cheibrodos_elevator_heist, layout_basic, led_sif_book,
          xom_redecorated, st_stairs_5
D:9:      layout_loops_ring, zin_treasury, lair_entry_dummy, serial_shops,
          nicolae_shop_waterfront, uniq_joseph, uniq_psyche
D:10:     layout_long_grid, lemuel_round_altar, nicolae_uskayaw_en_pointe,
          disabler_island, uniq_lodul, uniq_erica, uniq_maurice, uniq_harold
D:11:     layout_loops_ring, orc_0_dummy, biasface_ghost_orc_armoury,
          kennysheep_nondescript, pond
D:12:     layout_grid_maze, serial_shops, shop,
          yredelemnul_forgotten_temple_becter
Lair:1:   layout_gridlike, gammafunk_ghost_split, infiniplex_staircase_pool_2,
          uniq_urug
Lair:2:   layout_misc_corridors, nicolae_spider_entry_orb_guardian
Lair:3:   layout_cave_pods, nicolae_swamp_entry_splash_gauntlet,
          infiniplex_staircase_pool, uniq_kirke
Lair:4:   layout_roguey, nicolae_lair_grazing_beasts
          [nicolae_sub_lair_graze_edge, nicolae_sub_lair_graze_edge,
          nicolae_sub_lair_graze_edge, nicolae_sub_lair_graze_edge]
Lair:5:   minmay_lair_end_frog_pond, layout_cave_shapes,
          nicolae_slime_entry_slimehenge
Spider:1: gammafunk_sealed_arena, uniq_donald
Orc:1:    layout_caves, regret_index_minedec_devilstone,
          nicolae_orc_crystal_geode
Orc:2:    st_orc_congregation, layout_caves, nicolae_shop_overcharged_wands

Skill      XL: |  1  2  3  4  5  6  7  8  9 10 11 12 13 14 15 |
---------------+----------------------------------------------+-----
Axes           | 3 4 5 |  5.3
Shields        | 4 5 6 7 8 10 11 13 15 17 | 17.6
Fighting       | 4 5 6 8 10 12 14 16 17 | 17.8
Armour         | 4 5 6 7 8 10 11 12 13 14 | 14.9
Maces & Flails | 2 4 7 9 10 12 13 14 15 | 15.0
Invocations    | 4 8 10 11 | 11.6

Action                     |  1- 3 |  4- 6 |  7- 9 | 10-12 | 13-15 || total
---------------------------+-------+-------+-------+-------+-------++-------
  Melee: War axe           |    76 |   146 |       |       |       ||   222
         Mace              |       |    18 |   190 |   517 |   785 ||  1510
  Throw: Dart              |       |       |    21 |    14 |       ||    35
 Invoke: Light the Black T |       |     3 |     3 |     5 |     6 ||    17
         Bind Soul         |       |       |       |       |     4 ||     4
         Fathomless Shackl |       |       |       |       |     2 ||     2
         Recall Undead Har |       |       |       |       |     1 ||     1
    Use: Potion            |       |     1 |     1 |     3 |       ||     5
         Scroll            |       |       |    19 |     8 |     4 ||    31
   Stab: Distracted        |     1 |     1 |     1 |     5 |     9 ||    17
         Paralysed         |       |       |       |       |     1 ||     1
 Armour: Scale mail        |    49 |   145 |    47 |       |       ||   241
         Chain mail        |       |       |   122 |       |       ||   122
         Plate armour      |       |       |    42 |   459 |   604 ||  1105
  Dodge: Dodged            |    46 |    76 |    83 |   129 |   213 ||   547
  Block: Buckler           |    22 |    41 |    69 |   112 |       ||   244
         Kite shield       |       |       |       |    52 |   517 ||   569

Table legend: (Time is in decaauts)
 A = Elapsed time spent in this place.
 B = Non-inter-level travel time spent in this place.
 C = Inter-level travel time spent in this place.
 D = Time resting spent in this place.
 E = Time spent auto-exploring this place.
 F = Levels seen in this place.
 G = Mean time per level.
                   A        B        C        D        E       F      G
               +--------+--------+--------+--------+--------+-----+--------+
         Total |  16373 |  15233 |   1140 |    797 |  11224 |  20 |  818.7 |
       Dungeon |   9996 |   9302 |    694 |    479 |   6868 |  12 |  833.0 |
          Lair |   4859 |   4570 |    289 |    118 |   3432 |   5 |  971.8 |
   Spider Nest |     12 |     12 |      0 |      0 |      0 |   1 |   12.0 |
  Orcish Mines |   1505 |   1350 |    155 |    200 |    924 |   2 |  752.5 |
               +--------+--------+--------+--------+--------+-----+--------+

Top non-repeatable levels by time:
    D:10: 1261 daAuts
  Lair:1: 1168 daAuts
  Lair:3: 1072 daAuts
    D:11: 1031 daAuts
   Orc:2: 967 daAuts
  Lair:5: 914 daAuts
     D:2: 907 daAuts
     D:9: 897 daAuts
     D:7: 896 daAuts
     D:3: 886 daAuts
     D:8: 867 daAuts
  Lair:2: 863 daAuts
  Lair:4: 840 daAuts
     D:4: 831 daAuts
    D:12: 752 daAuts
